 Dungeon Crawl Stone Soup version 0.18-a0-596-g6468885 (console) character file.

9901 bli the Eclecticist (level 11, -2/63 HPs)
             Began as a Deep Elf Earth Elementalist on Dec 2, 2015.
             Was an Elder of Vehumet.
             Slain by a basilisk (11 damage)
             ... on level 11 of the Dungeon on Dec 3, 2015.
             The game lasted 01:29:48 (13320 turns).

bli the Eclecticist (Deep Elf Earth Elementalist)  Turns: 13320, Time: 01:29:49

Health: -2/63      AC:  9    Str:  7    XL:     11   Next: 29%
Magic:  6/32       EV: 14    Int: 22    God:    Vehumet [****..]
Gold:   187        SH:  0    Dex: 13    Spells: 13 memorised, 3 levels left

rFire  + + +     SeeInvis +     b - +5 rapier {pierce, rElec rF+++ Dex-4 Stlth+}
rCold  . . .     Clarity  .     r - +3 leather armour
rNeg   . . .     SustAt   +     (no shield)
rPois  .         Gourm    .     x - +0 helmet
rElec  +         Spirit   .     z - +0 cloak
rCorr  .         Dismiss  .     (no gloves)
rMut   .         Stasis   .     m - +0 pair of boots
MR     +....                    (no amulet)
Stlth  +++.......               V - ring of protection from fire
                                R - ring of sustain attributes

@: liquefying, slowed movement, very slow, somewhat resistant to hostile
enchantments, fairly stealthy
A: claws 1, see invisible, agile 1
a: Renounce Religion


You were on level 11 of the Dungeon.
You worshipped Vehumet.
Vehumet was greatly pleased with you.
You were not hungry.

You visited 3 branches of the dungeon, and saw 13 of its levels.
You also visited: Sewer.

You collected 765 gold pieces.
You spent 578 gold pieces at shops.

Inventory:

Hand Weapons
 a - the +3 short sword of Iheoskin {freeze, Dex+5}
   (You bought it in a shop on level 5 of the Dungeon)

   It has been specially enchanted to freeze those struck by it, causing extra
   injury to most foes and up to half again as much damage against particularly
   susceptible opponents.
   It can also slow down cold-blooded creatures.
   It affects your dexterity (+5).
 b - the +5 rapier of the Coin (weapon) {pierce, rElec rF+++ Dex-4 Stlth+}
   (You bought it in a shop on level 5 of the Dungeon)

   It inflicts extra damage upon your enemies.
   It affects your dexterity (-4).
   It renders you almost immune to fire.
   It insulates you from electricity.
   It makes you more stealthy.
 T - a +2 dagger of holy wrath
Missiles
 A - 110 stones (quivered)
Armour
 m - a +0 pair of boots (worn)
 r - a +3 leather armour (worn)
 v - a +1 leather armour of fire resistance
 x - a +0 helmet (worn)
 z - a +0 cloak (worn)
 H - a +0 leather armour of poison resistance
 N - a troll hide {Purgy}
Jewellery
 E - an uncursed ring of flight
 L - a +3 ring of protection
 O - an uncursed ring of teleportation
 R - a ring of sustain attributes (left claw)
 V - a ring of protection from fire (right claw)
 Z - an uncursed ring of invisibility
Wands
 c - a wand of fire (0)
 e - a wand of confusion (13)
 s - a wand of lightning (3)
 w - a wand of random effects (25)
 F - a wand of slowing (21)
 G - a wand of frost (23)
 Q - a wand of hasting (1)
 U - a wand of enslavement (16)
 W - a wand of paralysis (18)
Scrolls
 f - a scroll of immolation
 g - 2 scrolls of fog {unknown}
 j - 2 scrolls of enchant weapon {unknown}
 k - 2 scrolls of blinking
 l - 2 scrolls of recharging {unknown}
 p - 3 scrolls of magic mapping {unknown}
 t - 3 scrolls of remove curse
 y - 5 scrolls of teleportation {unknown}
 D - 3 scrolls of random uselessness {unknown}
 K - 2 scrolls of enchant armour
 S - a scroll of identify
Potions
 h - 8 potions of curing
 o - a potion of invisibility
 q - a potion of resistance
 C - 2 potions of magic {unknown}
 J - 2 potions of berserk rage {unknown}
 P - 4 potions of haste {unknown}
 X - 2 potions of brilliance
Books
 I - a book of Hinderance

   Spells                             Type                      Level
   a - Confusing Touch                Hexes                        2
   b - Confuse                        Hexes                        3
   c - Gell's Gravitas                Hexes/Translocation          3
   d - Petrify                        Transmutation/Earth          4
   e - Metabolic Englaciation         Hexes/Ice                    5
   f - Yara's Violent Unravelling     Hexes/Transmutation          5
Comestibles
 d - 7 bread rations
 i - 24 fruits
 n - 3 beef jerkies
 u - 6 meat rations
 B - 3 slices of pizza
 M - 9 chunks of flesh
 Y - a royal jelly


   Skills:
 + Level 5.0 Fighting
 + Level 1.2 Short Blades
 + Level 1.0 Armour
 + Level 6.0 Dodging
 + Level 3.4 Stealth
 * Level 15.2 Spellcasting
 + Level 5.0 Conjurations
 + Level 3.0 Hexes
 + Level 1.8 Translocations
 + Level 1.1 Transmutations
 + Level 9.5 Earth Magic
 + Level 0.4 Evocations


You had 3 spell levels left.
You knew the following spells:

 Your Spells              Type           Power        Failure   Level  Hunger
a - Stone Arrow           Conj/Erth      #####.       1%          3    None
b - Sandblast             Erth           ######       1%          1    None
d - Dazzling Spray        Conj/Hex       ####....     1%          3    None
g - Gell's Gravitas       Hex/Tloc       ####......   8%          3    None
l - Lee's Rapid Deconstr  Erth           ######....   1%          5    ###....
r - Searing Ray           Conj           #####.       1%          2    None
B - Blink                 Tloc           N/A          4%          2    None
C - Corona                Hex            ####...      1%          1    None
G - Passage of Golubria   Tloc           N/A          24%         4    None
L - Leda's Liquefaction   Hex/Erth       #####.....   4%          4    None
P - Petrify               Trmt/Erth      #####...     8%          4    None
S - Stoneskin             Trmt/Erth      #####...     1%          2    None
T - Tukima's Dance        Hex            ####....     6%          3    None


Dungeon Overview and Level Annotations

Branches:
Dungeon (11/15)            Temple (1/1) D:6            Lair (0/8) D:11
    Orc (1/4) D:10

Altars:
Ashenzari
Cheibriados
Dithmenos
Elyvilon
Fedhas
Gozag
Makhleb
Nemelex Xobeh
Okawaru
Ru
Trog
Vehumet
Xom
Zin

Shops:
D:5 (   D:8 *

Portals:
Trove: D:10 (give +5 ice dragon armour)


Innate Abilities, Weirdness & Mutations

You have sharp fingernails.
You have supernaturally acute eyesight.
You are agile. (Dex +2)


Message History

The killer bee barely misses you.
Drink which item? (? for menu, Esc to quit)
You feel better. The killer bee misses you. The killer bee closely misses you.
The killer bee completely misses you. The killer bee barely misses you.
Casting: Passage of Golubria
Confirm with . or Enter, or press ? or * to list all spells.
You blink.
A troll comes into view.
The troll shouts!
A basilisk, a giant frog, an ogre and a zombie come into view.
The komodo dragon barely misses you.
Found 25 stones and an encrusted fluorescent wand.
Found a staircase to the Lair.
Casting: Blink
Confirm with . or Enter, or press ? or * to list all spells.
You blink.
The giant frog hits you.
* * * LOW HITPOINT WARNING * * *
The giant frog zombie barely misses you.
The basilisk bites you!
You die...

#y# #F# ###.#
#. .?.#######
#.###F......#
#....l§.....#
#.......(...#
#.....O.....#
#...........#
#.F.........#
#.Z@T./....##
#..l..>....#
#..........#
#..........
#..........
#..........
#..........
#..........


You could see a komodo dragon, a spiny frog, a troll, a basilisk, an ogre, a
giant frog and a giant frog zombie.

Vanquished Creatures
  An orange crystal statue (D:10)
  2 orc knights (Orc:1)
  The ghost of bart the Covert, a novice NaNe of Gozag (D:6)
  2 tengu conjurers (D:9)
  2 two-headed ogres (D:10)
  Sigmund (D:5)
  A wyvern (D:8)
  2 hippogriffs
  A hill giant zombie (D:10)
  Eustachio (D:4)
  A hungry ghost (D:10)
  Menkaure (D:6)
  2 water moccasins (D:7)
  A soldier ant (D:7)
  8 orc warriors
  Purgy (Sewer)
  2 eyes of draining
  A sky beast (D:7)
  A crocodile (D:10)
  5 phantoms
  4 centaurs
  6 ogres
  3 giant frogs
  A wyvern zombie (D:7)
  2 scorpions
  A water moccasin zombie (D:5)
  5 killer bees
  2 troll zombies (D:10)
  5 wights
  2 centaur zombies
  4 crimson imps
  2 jellies
  2 giant frog skeletons
  5 hounds
  19 orc priests
  2 iguanas
  14 orc wizards
  A gnoll shaman (D:7)
  Natasha (twice) (D:4)
  6 worker ants
  3 ogre zombies (D:10)
  A hound skeleton (D:4)
  3 worker ant zombies
  4 gnolls
  19 adders
  An adder skeleton (D:5)
  4 worms
  67 orcs
  A ball python (D:3)
  4 hobgoblins
  9 jackals
  7 kobolds
  6 quokkas
  12 bats
  9 giant cockroaches
  6 giant geckos
  3 giant newts
  9 goblins
  A goblin skeleton (D:10)
  2 goblin zombies (D:10)
  A hobgoblin skeleton (D:10)
  2 hobgoblin zombies (D:10)
  A jackal zombie (D:7)
  2 orc skeletons (D:10)
  11 orc zombies (D:10)
  A quokka skeleton (D:6)
  5 rats
319 creatures vanquished.

Notes
Turn   | Place    | Note
--------------------------------------------------------------
     0 | D:1      | bli the Deep Elf Earth Elementalist began the quest for the Orb.
     0 | D:1      | Reached XP level 1. HP: 10/10 MP: 6/6
   293 | D:1      | Reached XP level 2. HP: 15/15 MP: 6/8
   297 | D:1      | Learned a level 2 spell: Stoneskin
   593 | D:2      | Found a sparkling altar of Nemelex Xobeh.
   593 | D:2      | Found a white marble altar of Elyvilon.
   593 | D:2      | Found a snail-covered altar of Cheibriados.
   663 | D:2      | Found a glowing silver altar of Zin.
   663 | D:2      | Found an opulent altar of Gozag.
   712 | D:2      | Reached skill level 4 in Earth Magic
   712 | D:2      | Reached XP level 3. HP: 19/19 MP: 6/10
  1456 | D:2      | Learned a level 3 spell: Stone Arrow
  1589 | D:3      | Reached XP level 4. HP: 24/24 MP: 10/12
  1879 | D:3      | Reached XP level 5. HP: 19/28 MP: 7/14
  1890 | D:3      | Reached skill level 5 in Spellcasting
  2294 | D:4      | Noticed a phantom
  2316 | D:4      | Noticed Eustachio
  2564 | D:4      | Noticed Natasha
  2569 | D:4      | Killed Natasha
  2569 | D:4      | Reached skill level 1 in Fighting
  2569 | D:4      | Reached skill level 5 in Earth Magic
  2912 | D:4      | Noticed a phantom
  2928 | D:4      | Killed a phantom
  2928 | D:4      | Reached skill level 6 in Spellcasting
  2928 | D:4      | Reached XP level 6. HP: 19/34 MP: 0/17
  2935 | D:4      | Found a shadowy altar of Dithmenos.
  3111 | D:4      | Reached skill level 7 in Spellcasting
  3380 | D:4      | Reached XP level 7. HP: 31/39 MP: 1/19
  3943 | D:4      | Killed Eustachio
  3943 | D:4      | Reached skill level 8 in Spellcasting
  4112 | D:4      | Noticed Natasha
  4113 | D:4      | Killed Natasha
  4575 | D:4      | Reached skill level 1 in Conjurations
  4614 | D:5      | Entered Level 5 of the Dungeon
  4646 | D:5      | Noticed Sigmund
  4736 | D:5      | Reached skill level 9 in Spellcasting
  4736 | D:5      | Reached XP level 8. HP: 44/44 MP: 16/23
  4861 | D:5      | Found a glowing drain.
  4923 | Sewer    | Entered a sewer
  4979 | Sewer    | Noticed Purgy
  4990 | Sewer    | Killed Purgy
  5128 | D:5      | Killed Sigmund
  5128 | D:5      | Reached skill level 10 in Spellcasting
  5383 | D:5      | Found Wefiete's Antique Weapon Boutique.
  5456 | D:6      | Learned a level 1 spell: Corona
  5529 | D:6      | Noticed bart's ghost (novice NaNe)
  5715 | D:6      | Killed bart's ghost
  5715 | D:6      | Reached skill level 11 in Spellcasting
  5715 | D:6      | Reached XP level 9. HP: 40/50 MP: 9/26
  5909 | D:6      | Reached skill level 1 in Hexes
  5942 | D:6      | Noticed Menkaure
  6061 | D:5      | Bought a scorched short sword for 272 gold pieces
  6061 | D:5      | Identified the cursed +3 short sword of Iheoskin {freeze, Dex+5} (You bought it in a shop on level 5 of the Dungeon)
  6193 | D:6      | Found a staircase to the Ecumenical Temple.
  6199 | Temple   | Entered the Ecumenical Temple
  6274 | Temple   | Became a worshipper of Vehumet
  6602 | D:6      | Killed Menkaure
  6742 | D:6      | Reached skill level 12 in Spellcasting
  6828 | D:7      | Found an iron altar of Okawaru.
  7066 | D:7      | Reached skill level 5 in Dodging
  7484 | D:7      | Learned a level 5 spell: Lee's Rapid Deconstruction
  7724 | D:7      | Reached * piety under Vehumet
  7724 | D:7      | Offered knowledge of Shock by Vehumet.
  8019 | D:7      | Reached skill level 13 in Spellcasting
  8019 | D:7      | Reached XP level 10. HP: 51/56 MP: 10/29
  8197 | D:7      | Learned a level 3 spell: Dazzling Spray
  8202 | D:7      | Learned a level 4 spell: Petrify
  9547 | D:8      | Found Ugefuc's General Store.
  9864 | D:9      | Gained mutation: You have sharp fingernails. [potion of mutation]
  9864 | D:9      | Gained mutation: You have supernaturally acute eyesight. [potion of mutation]
  9864 | D:9      | Gained mutation: You are agile. (Dex +2) [potion of mutation]
  9991 | D:9      | Learned a level 2 spell: Blink
 10067 | D:9      | Found a bloodstained altar of Trog.
 10128 | D:9      | Upgraded the game from 0.18-a0-486-gab6c0bd to 0.18-a0-596-g6468885
 10155 | D:10     | Entered Level 10 of the Dungeon
 10160 | D:10     | Reached ** piety under Vehumet
 10160 | D:10     | Offered knowledge of Flame Tongue by Vehumet.
 10190 | D:10     | Found a portal to a secret trove of treasure.
 10282 | D:10     | Learned a level 3 spell: Tukima's Dance
 10561 | D:10     | Reached skill level 14 in Spellcasting
 11010 | D:10     | Noticed an orange crystal statue
 11013 | D:10     | Killed an orange crystal statue
 11145 | D:10     | Found a blossoming altar of Fedhas.
 11160 | D:10     | Reached skill level 1 in Short Blades
 11417 | D:10     | Offered knowledge of Searing Ray by Vehumet.
 11424 | D:10     | Learned a level 4 spell: Leda's Liquefaction
 11427 | D:10     | Learned a level 2 spell: Searing Ray
 11442 | D:10     | Found a staircase to the Orcish Mines.
 11449 | D:10     | Reached XP level 11. HP: 62/62 MP: 6/31
 11637 | D:10     | Reached skill level 1 in Translocations
 11815 | D:10     | Reached *** piety under Vehumet
 12351 | D:5      | Bought a faintly glowing rapier for 306 gold pieces
 12351 | D:5      | Identified the +5 rapier of the Coin {pierce, rElec rF+++ Dex-4 Stlth+} (You bought it in a shop on level 5 of the Dungeon)
 12397 | Temple   | Learned a level 4 spell: Passage of Golubria
 12402 | Temple   | Learned a level 3 spell: Gell's Gravitas
 12579 | Orc:1    | Entered Level 1 of the Orcish Mines
 12623 | Orc:1    | Offered knowledge of Force Lance by Vehumet.
 12641 | Orc:1    | Reached skill level 5 in Fighting
 12641 | Orc:1    | Reached skill level 15 in Spellcasting
 12678 | Orc:1    | Reached skill level 5 in Conjurations
 13004 | Orc:1    | Reached **** piety under Vehumet
 13216 | Orc:1    | Noticed an orc warlord
 13301 | D:11     | Offered knowledge of Throw Icicle by Vehumet.
 13315 | D:11     | Reached skill level 1 in Armour
 13319 | D:11     | Found a staircase to the Lair.
 13320 | D:11     | Slain by a basilisk

Vault maps used:
D:1:      lemuel_arrival_funnel, minmay_door_square
D:2:      grunt_temple_overflow_gold_and_silver,
          gammafunk_temple_overflow_forgotten
D:4:      old_standard_altar, uniq_natasha, uniq_eustachio
D:5:      first_bread, portal_sewer_entry_f, serial_shops, nicolae_shop_trees,
          uniq_sigmund
D:6:      minmay_temple_entry_fiery, uniq_menkaure
D:7:      kennysheep_okawaru_gauntlet
D:8:      serial_shops, shop
D:9:      lightli_temple_of_fire
D:10:     zombieorc1_lemuel, nicolae_trove_entry_free_sample,
          hangedman_tree_tricks, minmay_statue_bubble
D:11:     due_megacathedral, dpeg_lair_monsters, lightli_bailey_entry_fortress,
          special_room
Temple:   dpeg_five_rooms_temple_12
Orc:1:    basic_altar, serial_shops, nicolae_shop_stone, special_room
Sewer:    sewer_big_baddie

Action                   |  1- 3 |  4- 6 |  7- 9 | 10-12 || total
-------------------------+-------+-------+-------+-------++-------
Melee: Rapier            |       |     3 |    68 |    19 ||    90
       Short sword       |       |       |    32 |    65 ||    97
 Cast: Sandblast         |    45 |    84 |   128 |    28 ||   285
       Stone Arrow       |       |    12 |   119 |   156 ||   287
       Corona            |       |       |     2 |    33 ||    35
       Stoneskin         |       |       |     2 |     3 ||     5
       Dazzling Spray    |       |       |       |    30 ||    30
       Lee's Rapid Decon |       |       |       |    10 ||    10
       Blink             |       |       |       |     4 ||     4
       Leda's Liquefacti |       |       |       |     2 ||     2
       Searing Ray       |       |       |       |     2 ||     2
       Passage of Golubr |       |       |       |     1 ||     1
 Abil: Evoke Flight      |       |       |     1 |       ||     1
Evoke: Wand              |       |       |     2 |     7 ||     9
  Use: Potion            |       |       |     1 |     5 ||     6
       Scroll            |       |       |     3 |     9 ||    12
 Stab: Sleeping          |       |     1 |     4 |     1 ||     6
       Invisible         |       |       |       |     2 ||     2
  Eat: Chunk             |     2 |     5 |    14 |    17 ||    38
       Fruit             |       |       |     1 |       ||     1
